 Dungeon Crawl Stone Soup version 0.24.1 (webtiles) character file.

Game seed: 6304513900510690749, levelgen mode: deterministic

519 Destapler the Covert (level 7, -4/33 HPs)
             Began as a Spriggan Assassin on Mar 28, 2020.
             Slain by an orc warrior
             ... wielding a +0 trident
              (12 damage)
             ... on level 3 of the Dungeon.
             The game lasted 00:12:27 (3010 turns).

Destapler the Covert (Spriggan Assassin)            Turns: 3010, Time: 00:12:28

Health: -4/33      AC:  3    Str:  8    XL:     7   Next: 1%
Magic:  11/11      EV: 21    Int: 13    God:
Gold:   84         SH:  0    Dex: 18    Spells: 6/6 levels left

rFire    . . .     SeeInvis +   a - +3 dagger
rCold    . . .     Gourm    .   (shield restricted)
rNeg     . . .     Faith    .   b - +0 robe
rPois    .         Spirit   .   (helmet restricted)
rElec    .         Reflect  .   c - +0 cloak
rCorr    .         Harm     .   (gloves unavailable)
MR       +....                  (boots unavailable)
Stlth    ++++......             (no amulet)
HPRegen  0.11/turn              (no ring)
MPRegen  0.12/turn              (no ring)

@: very quick
A: very small, unfitting armour, see invisible, herbivore, speed 3, slow
metabolism 2
a: no special abilities


You were on level 3 of the Dungeon.
You were not hungry.

You visited 1 branch of the dungeon, and saw 4 of its levels.

You collected 84 gold pieces.

Inventory:

Hand Weapons
 a - a +3 dagger (weapon)
Missiles
 d - 15 poisoned darts (quivered)
 g - 186 stones
 u - 8 boomerangs
Armour
 b - a +0 robe (worn)
 c - a +0 cloak (worn)
Wands
 n - a wand of flame (11)
 o - a wand of polymorph (7)
 q - a wand of iceblast (6)
Scrolls
 i - a scroll of amnesia
 j - a scroll of enchant weapon
 l - 2 scrolls of identify
 m - a scroll of immolation {unknown}
 p - a scroll of remove curse {unknown}
 r - a scroll of teleportation
Potions
 e - 2 potions of curing
 h - a potion of degeneration {unknown}
 k - a potion of brilliance
 s - a potion of haste
 t - a potion of might {unknown}
Comestibles
 f - 4 rations


   Skills:
 - Level 1.5 Fighting
 + Level 4.6 Short Blades
 - Level 2.0 Throwing
 + Level 5.5 Dodging
 + Level 8.3 Stealth
 + Level 4.0 Evocations


You had 6 spell levels left.
You didn't know any spells.
Your spell library was empty.

Dungeon Overview and Level Annotations

Branches:
Dungeon (4/15)
 Temple: D:4-7

Altars:
Cheibriados
Qazlal


Innate Abilities, Weirdness & Mutations

You are very small and have problems with some larger weapons.
You are too small for most types of armour.
You have supernaturally acute eyesight. (SInv)
You are a herbivore.
You cover ground extremely quickly.
You need to consume almost no food.


Message History

The orc warrior looks more healthy.
d - 16 poisoned darts (gained 1)
The orc warrior shouts!
You see here a poisoned dart.
d - 17 poisoned darts (gained 1) Throwing (i - inventory. (/) - cycle)
d - 17 poisoned darts (quivered)
Press: ? - help, Shift-Dir - straight line, f - orc warrior
Aim: an orc warrior, wielding a +0 trident and wearing a +0 chain mail (heavily wounded)
You throw a poisoned dart.
The poisoned dart barely misses the orc warrior.
Things that are here:
a +0 robe; a +0 dagger Throwing (i - inventory. (/) - cycle)
d - 16 poisoned darts (quivered)
Press: ? - help, Shift-Dir - straight line, f/p - orc warrior
Aim: an orc warrior, wielding a +0 trident and wearing a +0 chain mail (heavily wounded)
You throw a poisoned dart. The poisoned dart hits the orc warrior.
The orc warrior is poisoned.
The orc warrior is heavily wounded.
The orc warrior hits you from afar with a +0 trident!
You die...

......# #####.# #.# ### #.# ###
..# #.# ####.## #.###.#
#################.#.#.### ......#
#.............(#...###... ......#
#.#####.#.........## ##.# .#.##.#
#.# #.[.@.o###.#...###.## ...##.#
#.# #.#>#.## #.##.#.#.## ##.##.#
#.###.#)#.# #.##.##.## ##.##)#
#.........####.##.#### ......#
#####.#........##'## ##.####
#.......#####...## ##.#
####..####.# ##.....## #..#
#........#.###.......##
...######.##.....#.##.........###


You could see an orc warrior.

Vanquished Creatures
  2 ogres (D:4)
  A scorpion (D:3)
  2 orc priests (D:4)
  3 orc wizards
  Jessica (D:2)
  A hound skeleton (D:4)
  A gnoll (D:4)
  4 adders
  An ooze (D:3)
  2 dart slugs
  4 leopard geckos
  7 orcs
  4 giant cockroaches
  3 goblins
  9 hobgoblins
  A quokka (D:3)
  5 bats
  8 frilled lizards
  3 kobolds
  6 rats
68 creatures vanquished.

Notes
Turn   | Place    | Note
-------+----------+-------------------------------------------
     0 | D:1      | Destapler the Spriggan Assassin began the quest for the
                  | Orb.
     0 | D:1      | Reached XP level 1. HP: 10/10 MP: 2/2
   128 | D:1      | Reached skill level 6 in Stealth
   195 | D:1      | Reached XP level 2. HP: 8/14 MP: 3/3
   640 | D:2      | Found a stormy altar of Qazlal.
   651 | D:2      | Reached XP level 3. HP: 18/18 MP: 4/4
   782 | D:2      | Noticed Jessica
   791 | D:2      | Killed Jessica
   791 | D:2      | Reached XP level 4. HP: 20/22 MP: 5/5
   933 | D:2      | Reached skill level 1 in Evocations
  1783 | D:3      | Reached skill level 7 in Stealth
  2041 | D:3      | Reached XP level 5. HP: 14/25 MP: 7/7
  2515 | D:4      | Noticed an ogre
  2526 | D:4      | Killed an ogre
  2526 | D:4      | Reached skill level 5 in Dodging
  2526 | D:4      | Reached XP level 6. HP: 29/30 MP: 9/9
  2559 | D:4      | Noticed an orc warrior
  2623 | D:4      | Reached skill level 8 in Stealth
  2872 | D:4      | Found a snail-covered altar of Cheibriados.
  2874 | D:4      | Reached XP level 7. HP: 18/33 MP: 9/11
  2940 | D:4      | HP: 1/33 [gnoll/+0 halberd (12)]
  3010 | D:3      | Slain by an orc warrior

Levels and vault maps discovered:
D:1:      minmay_arrival_stone_box, layout_rooms, minmay_misc_feat_four_crosses
D:2:      layout_loops_ring, lemuel_round_altar, uniq_jessica
D:3:      wander_river, layout_loops_corners, first_ration
D:4:      layout_rooms, lemuel_coloured_pillars_altar, lemuel_doored_altar,
          kennysheep_little_box

Skill      XL: |  1  2  3  4  5  6 |
---------------+-------------------+-----
Dodging        | 2 3 4 5 |  5.5
Stealth        | 6 7 8 |  8.3
Short Blades   | 3 4 |  4.6
Evocations     | 2 3 4 |  4.0
Fighting       | |  1.5
Throwing       | |  2.0

Action                   |  1- 3 |  4- 6 |  7- 9 || total
-------------------------+-------+-------+-------++-------
Melee: Dagger            |    77 |   171 |    11 ||   259
Throw: Dart              |       |    43 |    13 ||    56
  Use: Potion            |       |     2 |     1 ||     3
       Scroll            |       |       |     4 ||     4
 Stab: Sleeping          |     4 |    10 |       ||    14
       Distracted        |       |     1 |       ||     1
Armor: Robe              |     6 |    13 |       ||    19
Dodge: Dodged            |    53 |   110 |    27 ||   190
